 Dungeon Crawl Stone Soup version 0.28-a0-1213-g0243856f03 (webtiles) character file.

Game seed: 2922014369936708739

1430 frimble the Slasher (level 8, -4/56 HPs)
             Began as a Demonspawn Warper on Dec 22, 2021.
             Was a Follower of Cheibriados.
             Slain by a shadow (32 damage)
             ... on level 7 of the Dungeon.
             The game lasted 00:11:22 (8248 turns).

frimble the Slasher (Demonspawn Warper)             Turns: 8248, Time: 00:11:22

Health: -4/56      AC:  6    Str: 13    XL:     8   Next: 45%
Magic:  11/11      EV: 12    Int: 22    God:    Cheibriados [*.....]
Gold:   115        SH:  4    Dex: 14    Spells: 9/11 levels left

rFire   . . .      SeeInvis .   u - -2 quick blade
rCold   . . .      Faith    .   (no shield)
rNeg    + . .      Spirit   .   b - +0 leather armour
rPois   +          Reflect  .   (no helmet)
rElec   .          Harm     .   l - +0 cloak
rCorr   .          Rampage  .   g - +0 pair of gloves
Will    .....                   p - +0 pair of boots
Stlth   +.........              (no amulet)
HPRegen 0.18/turn               k - ring of positive energy
MPRegen 0.24/turn               j - ring of poison resistance

@: brilliant, very slow
A: magic regeneration, big brain 1, condensation shield, weakness stinger 1
a: Renounce Religion, Bend Time


You were on level 7 of the Dungeon.
You worshipped Cheibriados.
Cheibriados was aware of your devotion.
You visited 2 branches of the dungeon, and saw 8 of its levels.

You collected 1536 gold pieces.
You spent 1421 gold pieces at shops.

Inventory:

Hand Weapons
 a - a +0 falchion
 u - a -2 quick blade (weapon)
 w - a -3 demon blade
Armour
 b - a +0 leather armour (worn)
 g - a +0 pair of gloves (worn)
 l - a +0 cloak (worn)
 n - a +0 chain mail
 p - a +0 pair of boots (worn)
 s - -1 gold dragon scales
Jewellery
 f - a +6 ring of dexterity
 j - a ring of poison resistance (right hand)
 k - a ring of positive energy (left hand)
 v - a +6 ring of intelligence
 x - a ring of resist corrosion
Scrolls
 c - a scroll of blinking
Potions
 d - 2 potions of cancellation
 e - a potion of resistance
 h - a potion of degeneration
 i - a potion of attraction
 o - a potion of brilliance
 q - a potion of curing
 r - a potion of flight


   Skills:
 - Level 2.0 Fighting
 + Level 3.7(5.5) Short Blades
 + Level 6.3(6.8) Long Blades
 - Level 0.8 Throwing
 - Level 0.8 Armour
 - Level 3.0 Dodging
 - Level 2.0 Spellcasting
 + Level 6.2 Translocations


You had 9 spell levels left.
You knew the following spells:

 Your Spells              Type           Power      Damage    Failure   Level
a - Blink                 Tloc           88%        N/A       1%          2

Your spell library contained the following spells:

 Spells                   Type           Power      Damage    Failure   Level
 Gell's Gravitas          Tloc           44%        N/A       4%          3
 Lesser Beckoning         Tloc           44%        N/A       4%          3
 Teleport Other           Tloc           44%        N/A       4%          3
 Magic Dart               Conj           12%        1d3       17%         1
 Passwall                 Tmut/Erth      2%         N/A       26%         2
 Searing Ray              Conj           6%         2d4       26%         2
 Manifold Assault         Tloc           44%        N/A       36%         5
 Summon Guardian Golem    Hex/Summ       3%         N/A       45%         3
 Swiftness                Air            3%         N/A       45%         3
 Fulminant Prism          Conj/Hex       1%         3d6       86%         4
 Leda's Liquefaction      Hex/Erth       1%         N/A       86%         4
 Lee's Rapid Deconstruct  Erth           1%         3d5*      99%         5
 Statue Form              Tmut/Erth      2%         N/A       100%        6
 Orb of Destruction       Conj           1%         N/A       100%        7
 Spellforged Servitor     Conj/Summ      1%         N/A       100%        7
 Chain Lightning          Conj/Air       1%         3d2       100%        9
 Fire Storm               Conj/Fire      1%         8d1       100%        9
 Shatter                  Erth           1%         3d6*      100%        9


Dungeon Overview and Level Annotations

Branches:
Dungeon (7/15)             Temple (1/1) D:4

Altars:
Cheibriados
Dithmenos
Elyvilon
Kikubaaqudgha
Qazlal
Sif Muna
Trog
Wu Jian
The Shining One

Shops:
D:3 (:*[(   D:5 :*([=!   D:6 [

Annotations:
D:7 2 transporters, siradein's ghost, novice HOSu


Innate Abilities, Weirdness & Mutations

You regenerate magic rapidly.
You have an unusually large brain. (Int +2)
A meltable shield of frost defends you. (SH +4)
You have a small tail.


Message History

You hit the shadow but do no damage.
The shadow is moderately damaged.
You hit the shadow.
The shadow is moderately damaged.
The shadow slips into darkness.
The shadow flickers and vanishes!
Deactivating autopickup; reactivate with Ctrl-A.
You hit something but do no damage. You tail-slap something.
You closely miss something.
Your tail-slap misses something.
The shadow strikes at you from the darkness!
Reactivating autopickup.
You hit the shadow but do no damage.
Your tail-slap misses the shadow.
The shadow is moderately damaged.
You feel much better. The shadow hits you!
Okay, then.
The shadow hits you. You block the shadow's attack.
The shadow slips into darkness.
The shadow flickers and vanishes!
Deactivating autopickup; reactivate with Ctrl-A.
Blink to where?
Press: ? - help, Dir - move target
As you read the scroll of blinking, it crumbles to dust.
The shadow strikes at you from the darkness!
Reactivating autopickup.
The cyan ugly thing gurgles horribly!
Siradein's ghost turns its malevolent gaze towards you.
You hear a bark!
The shadow hits you!
Okay, then.
You aren't carrying any items that you can evoke.
Okay, then.
Okay, then.
The hound barks!
The shadow slips into darkness.
The shadow flickers and vanishes!
Deactivating autopickup; reactivate with Ctrl-A.
The shadow strikes at you from the darkness!
Ouch! That really hurt!
You die...

..# #†# #<#.g#W.......[#..###
.(###.###)..©#$...©....#©...#
.............#.!.......#..#.##
..#######....#......[..#..#..#
..# #....#8.......8#..#..# ..#
#....##.OWzuh.##.....#### ..#
#.....#########...##..... ..#
#.................####### ###
#.......@........##
#...........#.####
#.....[...##.## #........###.#
##### #....#..## #.# ....#
####....# #.# ###.# #.....#.#
#.# #.# #.#####.# #.# #.# #.#
#[####.# ######


You could see a cyan ugly thing, an ogre, a hound, a wight and siradein's ghost.

Vanquished Creatures
  2 water moccasins (D:7)
  A black bear (D:5)
  4 necrophages
  2 centaurs (D:7)
  A scorpion (D:7)
  A water moccasin zombie (D:5)
  A water moccasin skeleton (D:5)
  A killer bee (D:7)
  A gnoll shaman (D:7)
  3 bullfrog skeletons
  3 centaur skeletons
  2 iguanas (D:5)
  A scorpion zombie (D:5)
  A howler monkey zombie (D:7)
  3 gnolls
  A howler monkey skeleton (D:7)
  4 adders
  An ufetubus (D:5)
  An adder skeleton (D:4)
  2 worms
  2 dart slugs
  2 orcs
  2 bat zombies (D:3)
  9 endoplasms
  14 giant cockroaches
  3 goblins
  4 hobgoblins
  8 jackals
  6 kobolds
  4 quokkas
  4 ball pythons
  5 bats
  2 frilled lizards (D:1)
  2 rats (D:3)
  2 rat zombies (D:3)
105 creatures vanquished.

Vanquished Creatures (others)
  13 plants (D:5)
13 creatures vanquished.

Grand Total: 118 creatures vanquished

Notes
Turn   | Place    | Note
-------+----------+-------------------------------------------
     0 | D:1      | frimble the Demonspawn Warper began the quest for the Orb.
     0 | D:1      | Reached XP level 1. HP: 16/16 MP: 3/3
   462 | D:1      | Gained mutation: You regenerate magic rapidly. [demonic
                  | ancestry]
   462 | D:1      | Reached XP level 2. HP: 22/22 MP: 5/5
   555 | D:1      | Found a faded altar of an unknown god.
  1024 | D:1      | Gained mutation: A meltable shield of frost defends you.
                  | (SH +4) [demonic ancestry]
  1024 | D:1      | Reached XP level 3. HP: 16/27 MP: 6/6
  1668 | D:1      | Learned a level 2 spell: Blink
  2511 | D:2      | Gained mutation: You have a small tail. [demonic ancestry]
  2511 | D:2      | Reached XP level 4. HP: 31/33 MP: 7/7
  3287 | D:3      | Found Hydukk's General Store.
  3303 | D:3      | Found Kutaf's Book Emporium.
  3323 | D:3      | Found Raot's Weapon Boutique.
  3542 | D:3      | Found Jesiane's Antique Armour Shoppe.
  3591 | D:3      | Found an ancient bone altar of Kikubaaqudgha.
  3631 | D:3      | Found Oleloss's Antique Weapon Boutique.
  3832 | D:4      | Reached XP level 5. HP: 37/38 MP: 8/8
  4355 | D:4      | Found a staircase to the Ecumenical Temple.
  4820 | D:5      | Entered Level 5 of the Dungeon
  4820 | D:5      | Found Oshroj's Lightly-Used Armoury.
  4836 | D:5      | Noticed a necrophage
  4838 | D:5      | Identified a scroll of acquirement
  4838 | D:5      | Acquired 1193 gold pieces
  4854 | D:5      | Killed a necrophage
  4855 | D:5      | Reached skill level 1 in Short Blades
  4879 | Temple   | Entered the Ecumenical Temple
  4954 | Temple   | Became a worshipper of Cheibriados the Contemplative
  5022 | D:5      | Bought -1 gold dragon scales for 825 gold pieces
  5022 | D:5      | Bought a -2 quick blade for 55 gold pieces
  5022 | D:5      | Bought a -3 demon blade for 1 gold piece
  5047 | D:5      | Reached XP level 6. HP: 31/44 MP: 9/9
  5253 | D:5      | Found Vabotos's Book Emporium.
  5317 | D:5      | Bought a book of the Earth for 540 gold pieces
  5644 | D:5      | Reached XP level 7. HP: 38/50 MP: 10/10
  5748 | D:5      | Found Egiulaxo's Jewellery Emporium.
  5749 | D:5      | Found Inosoa's Antique Weapon Emporium.
  5749 | D:5      | Found Vysch's Distillery.
  5753 | D:5      | Found Gity's Armour Emporium.
  6433 | D:6      | Found Otel's Armour Shop.
  6577 | D:6      | Noticed a steam dragon
  6892 | D:7      | Reached skill level 5 in Long Blades
  6892 | D:7      | Reached skill level 5 in Translocations
  7047 | D:7      | Found a transporter.
  7052 | D:7      | Noticed siradein's ghost (novice HOSu)
  7054 | D:7      | Found a transporter.
  7181 | D:7      | Reached * piety under Cheibriados
  7182 | D:7      | Gained mutation: You have an unusually large brain. (Int
                  | +2) [demonic ancestry]
  7182 | D:7      | Reached XP level 8. HP: 51/56 MP: 11/11
  7229 | D:7      | Noticed a cyan ugly thing
  8248 | D:7      | Slain by a shadow

Illustrated notes

Levels and vault maps discovered:
D:1:      dpeg_arrival_solitude, layout_basic,
          hellmonk_ecumenical_altar_lost_god
D:2:      minmay_roachtagon, layout_loops_ring
D:3:      layout_rooms, lemuel_zombie_altar_kikubaaqudgha, serial_shops,
          nicolae_shop_statue_plus, nicolae_shop_advertising_works
          [nicolae_subvault_shop_adworks], shop, shop, shop
D:4:      layout_layer_cave, minmay_temple_entry_nine_rooms
D:5:      layout_basic, serial_bayou, serial_bayou_ford_a, serial_bayou_lake_a,
          serial_bayou_pond_d, serial_bayou_pond_c, minmay_shop_damaged,
          minmay_door_square, skrybe_limestone_x, minmay_shop_grid_forest,
          kennysheep_windowed_goal
D:6:      layout_rooms, ebering_ghost_xom, serial_shops, shop
D:7:      layout_loops_ring, gammafunk_ghost_arena
Temple:   mainiacjoe_temple_archimedes_tessellation

Skill      XL: |  1  2  3  4  5  6  7  8 |
---------------+-------------------------+-----
Long Blades    | 2 3 4 5 6 |  6.3
Dodging        | 2 3 |  3.0
Translocations | 3 4 5 6 |  6.2
Short Blades   | 1 2 3 |  3.7
Fighting       | |  2.0
Throwing       | |  0.8
Armour         | |  0.8
Spellcasting   | |  2.0

Action                   |  1- 3 |  4- 6 |  7- 9 || total
-------------------------+-------+-------+-------++-------
Melee: Falchion          |   148 |    95 |    57 ||   300
       Short sword       |       |    84 |       ||    84
       Tailslap          |       |    40 |    69 ||   109
       Quick blade       |       |       |   272 ||   272
Throw: Boomerang         |     5 |       |       ||     5
       Throwing net      |       |       |     1 ||     1
 Cast: Blink             |     1 |     1 |     3 ||     5
  Use: Scroll            |     3 |     4 |     3 ||    10
       Potion            |       |     2 |     5 ||     7
 Stab: Sleeping          |     1 |     2 |       ||     3
       Held in net/web   |       |       |     1 ||     1
Armor: Leather armour    |    40 |    43 |    42 ||   125
Dodge: Dodged            |   116 |    93 |   140 ||   349
Block: Other             |    20 |    21 |    36 ||    77

Table legend: (Time is in decaauts)
 A = Elapsed time spent in this place.
 B = Non-inter-level travel time spent in this place.
 C = Inter-level travel time spent in this place.
 D = Time resting spent in this place.
 E = Time spent auto-exploring this place.
 F = Levels seen in this place.
 G = Mean time per level.
                   A        B        C        D        E       F      G
               +--------+--------+--------+--------+--------+-----+--------+
         Total |   8648 |   8262 |    386 |    358 |   6554 |   8 | 1081.0 |
       Dungeon |   8507 |   8197 |    310 |    358 |   6496 |   7 | 1215.3 |
        Temple |    141 |     66 |     75 |      0 |     58 |   1 |  141.0 |
               +--------+--------+--------+--------+--------+-----+--------+

Top non-repeatable levels by time:
     D:1: 2178 daAuts
     D:5: 1782 daAuts
     D:2: 1116 daAuts
     D:4: 1115 daAuts
     D:7: 1114 daAuts
     D:6: 755 daAuts
     D:3: 443 daAuts
  Temple: 141 daAuts
